 Dungeon Crawl Stone Soup version 0.27.1-15-g792fb953b9 (webtiles) character file.

Game seed: 15736312355882114705

100 Descartes the Covert (level 4, -1/24 HPs)
             Began as a Spriggan Delver on Nov 19, 2021.
             Succumbed to an adder's poison
             ... on level 4 of the Dungeon.
             The game lasted 00:01:05 (425 turns).

Descartes the Covert (Spriggan Delver)               Turns: 425, Time: 00:01:05

Health: -1/24      AC:  2    Str:  9    XL:     4   Next: 47%
Magic:  5/5        EV: 18    Int: 11    God:
Gold:   0          SH:  0    Dex: 16    Spells: 3/3 levels left

rFire    . . .     SeeInvis +   a - +0 short sword
rCold    . . .     Faith    .   (shield restricted)
rNeg     . . .     Spirit   .   b - +0 robe
rPois    .         Reflect  .   (helmet restricted)
rElec    .         Harm     .   (no cloak)
rCorr    .         Rampage  .   (gloves unavailable)
Will     .....                  (boots unavailable)
Stlth    ++++......             (no amulet)
HPRegen  0.08/turn              (no ring)
MPRegen  0.09/turn              (no ring)

@: lethally poisoned (-1 -> -12), hasted, very quick
A: very small, no large weapons, unfitting armour, see invisible, speed 3
a: no special abilities


You were on level 4 of the Dungeon.
You visited 1 branch of the dungeon, and saw 2 of its levels.

Inventory:

Hand Weapons
 a - a +0 short sword (weapon)
Missiles
 h - 24 poisoned darts (quivered)
 j - 9 stones
Armour
 b - a +0 robe (worn)
Wands
 g - a wand of digging (3)
 i - a wand of iceblast (10)
Scrolls
 c - a scroll of fog
 d - a scroll of magic mapping
 e - a scroll of fear
 k - a scroll of enchant armour {unknown}


   Skills:
 + Level 3.0 Fighting
 + Level 3.2 Short Blades
 + Level 3.9 Dodging
 + Level 8.0 Stealth


You had 3 spell levels left.
You didn't know any spells.
Your spell library was empty.

Dungeon Overview and Level Annotations

Branches:
Dungeon (5/15)
 Temple: D:4-7

Altars:


Innate Abilities, Weirdness & Mutations

You are very small and have problems with some larger weapons.
You are too small for most types of armour.
You have supernaturally acute eyesight. (SInv)
You cover ground extremely quickly. (Speed+++)


Message History

You hit the adder.
The adder is severely wounded.
You feel sick. The adder bites you.
You barely miss the adder.
The adder is severely wounded.
You feel sick. The adder bites you.
You are more poisoned.
The adder poisons you! The adder bites you.
You are too injured to fight recklessly!
You are too injured to fight recklessly!
You are too injured to fight recklessly!
You are too injured to fight recklessly!
You are too injured to fight recklessly!
You are too injured to fight recklessly!
You are too injured to fight recklessly!
You are too injured to fight recklessly!
You are too injured to fight recklessly!
You are too injured to fight recklessly!
You are too injured to fight recklessly!
You are too injured to fight recklessly!
You are too injured to fight recklessly!
You are too injured to fight recklessly!
You are too injured to fight recklessly!
You are too injured to fight recklessly!
You are too injured to fight recklessly!
You are too injured to fight recklessly!
Unknown command.
You barely miss the adder.
The adder is severely wounded.
* * * LOW HITPOINT WARNING * * *
You feel sick. The adder barely misses you.
You closely miss the adder.
The adder is severely wounded.
* * * LOW HITPOINT WARNING * * *
You feel sick. The adder bites you.
* * * LOW HITPOINT WARNING * * *
You are more poisoned.
The adder poisons you!
You feel yourself speed up.
You die...

### ######.# #....#.####
#.......#.##
##.##...S.....# #
#....[.@......##.######
##..###.................
#.........)...##....!...
.....##..##.............
..#....#......##........
###..#......##........
##..................
#...###..#....##...
##..# #..##...##...


You could see an adder.

Vanquished Creatures
  A necrophage (D:5)
  An endoplasm (D:4)
  3 goblins (D:4)
  2 jackals (D:4)
  2 ball pythons (D:4)
9 creatures vanquished.

Notes
Turn   | Place    | Note
-------+----------+-------------------------------------------
     0 | D:5      | Descartes the Spriggan Delver began the quest for the Orb.
     0 | D:5      | Reached XP level 1. HP: 11/11 MP: 2/2
    65 | D:5      | Noticed a necrophage
    71 | D:5      | Noticed an ice beast
    86 | D:5      | Killed a necrophage
    87 | D:5      | Reached skill level 8 in Stealth
    87 | D:5      | Reached XP level 2. HP: 5/16 MP: 3/3
    87 | D:5      | Reached XP level 3. HP: 6/20 MP: 4/4
    87 | D:5      | Reached XP level 4. HP: 8/24 MP: 5/5
   425 | D:4      | Succumbed to an adder's poison

Illustrated notes

Levels and vault maps discovered:
D:4:      layout_cave_pools, nicolae_gozag_cash_rules_everything_around_me,
          uniq_grinder, uniq_robin
D:5:      layout_basic, fedhas_altar_3, chequers_arboretum,
          small_statue_intersection, minmay_bent, uniq_prince_ribbit1

Skill      XL: |  1 |
---------------+----+-----
Fighting       | 3 |  3.0
Short Blades   | 3 |  3.2
Dodging        | 3 |  3.9
Stealth        | 8 |  8.0

Action                   |  1- 3 |  4- 6 || total
-------------------------+-------+-------++-------
Melee: Short sword       |    13 |    22 ||    35
  Use: Potion            |       |     1 ||     1
 Stab: Sleeping          |     1 |     3 ||     4
Armor: Robe              |     1 |     1 ||     2
Dodge: Dodged            |     8 |    11 ||    19
